 Dungeon Crawl Stone Soup version 0.29.1-2-gbd0b4ee654 (webtiles) character file.

Game seed: 9924667607267872863

327 GorkyZ the Shield-Bearer (level 6, -6/48 HPs)
             Began as a Formicid Fighter on Nov 23, 2022.
             Mangled by a gnoll
             ... wielding a +0 flail
              (11 damage)
             ... on level 4 of the Dungeon.
             The game lasted 00:04:46 (2573 turns).

GorkyZ the Shield-Bearer (Formicid Fighter)         Turns: 2573, Time: 00:04:47

Health: -6/48      AC:  7    Str: 23    XL:     6   Next: 79%
Magic:  6/6        EV: 14    Int:  7    God:
Gold:   145        SH:  5    Dex: 13    Spells: 5/5 levels left

rFire   . . .      SeeInvis +   a - +0 quarterstaff
rCold   . . .      Faith    .   c - +0 buckler
rNeg    . . .      Spirit   .   b - +0 scale mail
rPois   .          Reflect  .   (helmet unavailable)
rElec   .          Harm     .   (no cloak)
rCorr   .          Rampage  .   (no gloves)
Will    .....                   (no boots)
Stlth   ..........              (no amulet)
HPRegen 0.16/turn               n - +4 ring of evasion
MPRegen 0.10/turn               (no ring)

@: no status effects
A: permanent stasis, dig shafts and tunnels, antennae 3, four strong arms
a: Dig, Shaft Self


You were on level 4 of the Dungeon.
You visited 1 branch of the dungeon, and saw 4 of its levels.

You collected 145 gold pieces.

Inventory:

Hand Weapons
 a - a +0 quarterstaff (weapon)
Armour
 b - a +0 scale mail (worn)
 c - a +0 buckler (worn)
Jewellery
 n - a +4 ring of evasion (left hand)
Wands
 l - a wand of flame (22)
Scrolls
 e - a scroll of summoning {unknown}
 g - a scroll of fear {unknown}
 i - 3 scrolls of magic mapping {unknown}
 j - a scroll of enchant armour {unknown}
 m - a scroll of noise {unknown}
 p - a scroll of vulnerability {unknown}
 q - a scroll of identify {unknown}
Potions
 d - a potion of might
 f - a potion of flight {unknown}
 h - 2 potions of haste {unknown}
 k - a potion of mutation {unknown}
 o - a potion of attraction {unknown}
 r - a potion of brilliance {unknown}


   Skills:
 + Level 4.2 Fighting
 + Level 3.0 Staves
 + Level 2.1 Throwing
 + Level 4.2 Armour
 + Level 1.8 Dodging
 + Level 5.1 Shields
 + Level 2.3 Evocations


You had 5 spell levels left.
You didn't know any spells.
Your spell library contained the following spells:

 Spells                   Type           Power      Damage    Failure   Level
 Fulminant Prism          Conj/Hex       0%         3d6       100%        4
 Iskenderun's Mystic Bla  Conj/Tloc      0%         2d3       100%        4
 Lee's Rapid Deconstruct  Erth           0%         3d5*      100%        5


Dungeon Overview and Level Annotations

Branches:
Dungeon (4/15)
 Temple: D:4-7

Altars:

Annotations:
D:1 1 transporter


Innate Abilities, Weirdness & Mutations

You cannot be hasted, slowed, berserked, paralysed or teleported.
You can dig through walls and to a lower floor.
You have a pair of large antennae on your head. (SInv)
Your four strong arms can wield two-handed weapons with a shield.


Message History

You are too injured to fight recklessly!
You are too injured to fight recklessly!
You are too injured to fight recklessly!
The scorpion attacks as you move away! The scorpion barely misses you.
You are too injured to fight recklessly!
You are too injured to fight recklessly!
You are too injured to fight recklessly!
You are too injured to fight recklessly!
You hit the scorpion.
The scorpion is almost dead.
The scorpion closely misses you. x2
You sock the scorpion!
You kill the scorpion!
Your Staves skill increases to level 3!
You hit the gnoll.
The gnoll is lightly wounded.
The gnoll misses you. You block the gnoll's attack.
You see here a jackal corpse.
You closely miss the gnoll. The gnoll closely misses you. x2
You sock the gnoll!
The gnoll is almost dead.
The gnoll barely misses you. The gnoll closely misses you.
The gnoll barely misses you. The gnoll closely misses you.
You closely miss the gnoll.
The gnoll is almost dead.
The gnoll hits you with a +0 halberd. You block the gnoll's attack.
You barely miss the gnoll.
The gnoll is almost dead.
You block the gnoll's attack. The gnoll hits you with a +0 flail!
* * * LOW HITPOINT WARNING * * *
You hit the gnoll.
You kill the gnoll!
The gnoll barely misses you.
You hit the gnoll.
The gnoll is heavily wounded.
The gnoll closely misses you. The gnoll misses you.
You closely miss the gnoll.
The gnoll is heavily wounded.
The gnoll hits you with a +0 flail!
You die...

.# #.# #.#
###########.###
...##........#
###.##.####.#.#
..........#.#.####
.##.##.##..†...g.#
.##.##.###....##@#
.##.##........##g######.
....######...###gg....g.
.....# ##.## ########.
.###.# #.# .# #.# #.# ##
#.# #+# #.# ####[#


You could see 3 gnolls and a goblin.

Vanquished Creatures
  An ice beast (D:3)
  A scorpion (D:4)
  A hound (D:4)
  2 gnolls
  6 adders
  2 worms (D:3)
  2 dart slugs
  An orc (D:3)
  4 ball pythons
  5 endoplasms
  2 giant cockroaches
  10 goblins
  5 hobgoblins
  2 jackals (D:4)
  3 quokkas (D:3)
  3 bats
  3 frilled lizards
  8 kobolds
  5 rats
66 creatures vanquished.

Notes
Turn   | Place    | Note
-------+----------+-------------------------------------------
     0 | D:1      | GorkyZ the Formicid Fighter began the quest for the Orb.
     0 | D:1      | Reached XP level 1. HP: 18/18 MP: 1/1
    31 | D:1      | Reached XP level 2. HP: 24/24 MP: 2/2
   157 | D:1      | Found a faded altar of an unknown god.
   248 | D:1      | Reached XP level 3. HP: 27/29 MP: 3/3
   675 | D:2      | Reached skill level 1 in Evocations
   761 | D:2      | Reached XP level 4. HP: 30/36 MP: 4/4
   903 | D:2      | Reached skill level 1 in Dodging
   974 | D:2      | Reached skill level 1 in Throwing
  1659 | D:3      | Noticed an ice beast
  1666 | D:3      | Killed an ice beast
  1667 | D:3      | Reached XP level 5. HP: 14/42 MP: 5/5
  1969 | D:3      | Reached XP level 6. HP: 48/48 MP: 6/6
  2484 | D:4      | Reached skill level 5 in Shields
  2573 | D:4      | Mangled by a gnoll

Illustrated notes

Levels and vault maps discovered:
D:1:      spicycebolla_arrival_risky_transporter, layout_rooms,
          shapermc_ecumenical_altar_acropolis
D:2:      layout_loops_corners
D:3:      layout_loops_ring
D:4:      layout_loops_corners, minitemple, nrook_loot_triangle,
          kennysheep_small_square

Skill      XL: |  1  2  3  4  5  6 |
---------------+-------------------+-----
Evocations     | 1 2 |  2.3
Dodging        | 1 |  1.8
Throwing       | 1 2 |  2.1
Fighting       | 4 |  4.2
Armour         | 4 |  4.2
Shields        | 5 |  5.1
Staves         | 3 |  3.0

Action                   |  1- 3 |  4- 6 || total
-------------------------+-------+-------++-------
Melee: Quarterstaff      |    58 |   154 ||   212
 Abil: Dig               |       |     2 ||     2
Armor: Scale mail        |    25 |    41 ||    66
Dodge: Dodged            |    23 |   102 ||   125
Block: Buckler           |    17 |    40 ||    57
